 Dungeon Crawl Stone Soup version 0.30.0 (webtiles) character file.

Game seed: 14846539880868425613

157 Ayyar the Shield-Bearer (level 5, -4/47 HPs)
             Began as a Gnoll Fighter on May 24, 2023.
             Slain by an orc priest
             ... wielding a +0 mace
              (6 damage)
             ... on level 4 of the Dungeon.
             The game lasted 00:07:33 (2374 turns).

Ayyar the Shield-Bearer (Gnoll Fighter)             Turns: 2374, Time: 00:07:33

Health: -4/47      AC:  7    Str: 17    XL:     5   Next: 38%
Magic:  7/7        EV:  9    Int:  8    God:
Gold:   148        SH:  5    Dex: 11    Spells: 7/7 levels left

rFire   . . .        a - +0 war axe
rCold   . . .        c - +0 buckler
rNeg    . . .        b - +0 scale mail
rPois   .            (no helmet)
rElec   .            (no cloak)
rCorr   .            (no gloves)
SInv    .            (no boots)
Will    .....        (no amulet) Stlth
                     (no ring)
HPRegen 0.27/turn    (no ring)
MPRegen 0.10/turn

%: no passive effects
@: attractive
A: fangs 1, strong nose, distributed training
a: no special abilities


You were on level 4 of the Dungeon.
You visited 1 branch of the dungeon, and saw 4 of its levels.

You collected 148 gold pieces.

Inventory:

Hand Weapons
 a - a +0 war axe (weapon)
 j - a +2 dagger of speed
Missiles
 k - 2 poisoned darts (quivered)
Armour
 b - a +0 scale mail (worn)
 c - a +0 buckler (worn)
Jewellery
 q - a +6 ring of dexterity
Scrolls
 e - 2 scrolls of teleportation {unknown}
 g - 3 scrolls of identify {unknown}
 h - a scroll of poison {unknown}
 i - a scroll of magic mapping {unknown}
 l - a scroll of enchant armour {unknown}
 p - a scroll of torment {unknown}
 s - a scroll of acquirement {unknown}
 t - a scroll of fog {unknown}
Potions
 d - a potion of might
 f - a potion of cancellation
 m - a potion of attraction
 n - a potion of curing {unknown}
 o - a potion of haste
 r - 2 potions of heal wounds {unknown}
 u - a potion of mutation {unknown}
 v - a potion of magic {unknown}
 w - a potion of invisibility {unknown}


   Skills:
 + Level 6.7 Fighting
 + Level 1.5 Short Blades
 + Level 1.5 Long Blades
 + Level 4.8 Axes
 + Level 1.5 Maces & Flails
 + Level 1.5 Polearms
 + Level 1.5 Staves
 + Level 1.5 Ranged Weapons
 + Level 1.5 Throwing
 + Level 6.7 Armour
 + Level 1.5 Dodging
 + Level 1.5 Stealth
 + Level 6.7 Shields
 + Level 1.5 Unarmed Combat
 + Level 1.5 Spellcasting
 + Level 1.2 Conjurations
 + Level 1.2 Hexes
 + Level 1.2 Summonings
 + Level 1.2 Necromancy
 + Level 1.2 Translocations
 + Level 1.2 Transmutations
 + Level 1.2 Fire Magic
 + Level 1.2 Ice Magic
 + Level 1.2 Air Magic
 + Level 1.2 Earth Magic
 + Level 1.2 Poison Magic
 + Level 1.7 Invocations
 + Level 1.5 Evocations


You had 7 spell levels left.
You didn't know any spells.
Your spell library contained the following spells:

 Spells                   Type           Power      Damage    Failure   Level
 Kiss of Death            Conj/Necr      8%         2d6       63%         1
 Confusing Touch          Hex            2%         N/A       94%         3
 Dispel Undead            Necr           2%         3d7       100%        4


Dungeon Overview and Level Annotations

Branches:
Dungeon (4/15)
 Temple: D:4-7

Altars:
Elyvilon
Zin
The Shining One

Shops:
D:3 :

Annotations:
D:4 Ijyb


Innate Abilities, Weirdness & Mutations

You have very sharp teeth.
Your uncanny sense of smell can sniff out nearby items.
Your experience applies equally to all skills.


Message History

Things that are here:
a +0 whip; a +0 ring mail; an orc corpse You barely miss the orc.
The orc is lightly wounded.
The orc priest calls down the wrath of Beogh upon you.
Pain shoots through your body! The orc hits you with a +0 hand axe.
You block the hobgoblin's attack. The orc hits you but does no damage.
You hit the orc but do no damage.
The orc is lightly wounded.
You slash the hobgoblin!
You kill the hobgoblin!
Ijyb zaps a wand.
You barely resist.
The orc priest calls upon Beogh to heal the orc.
The orc's wounds heal themselves!
The orc hits you with a +0 hand axe.
You hit the orc priest but do no damage.
You slash the orc!
You kill the orc!
The orc priest invokes the aid of Beogh against you.
Beogh smites you!
* * * LOW HITPOINT WARNING * * *
It was a potion of haste.
You feel yourself speed up. You block the orc priest's attack.
You hit the orc priest.
The orc priest is moderately wounded.
You hit the orc priest.
The orc priest hits you with a +2 falchion of holy wrath.
* * * LOW HITPOINT WARNING * * *
The orc priest hits you with a +0 mace.
* * * LOW HITPOINT WARNING * * *
It was a potion of cancellation.
Your magical effects are unravelling.
You feel magically purged.
You feel yourself slow down.
The orc priest looks satisfied for a moment.
The orc priest barely misses you.
The orc priest looks satisfied for a moment.
It was a potion of attraction.
You feel attractive to monsters.
You block the orc priest's attack. x2; The orc priest hits you with a +0 mace.
You die...

. .. .. ...... .. ..
.# ......... ∆.. . ..
...#....# .#.# # ..
...#...g# .#.##.# ..
.......... ..... ..
.........###.#.##.. ..
.........!.@og......
...
...........oo.......
....
..........###.#.##..
.#... #........###.#.#
.#...##...............
......................
..............#####...
.#..#.#.#.....### #...
.#..............# ....


You could see Ijyb and 3 orc priests.

Vanquished Creatures
  3 orc wizards (D:3)
  An adder (D:2)
  A worm (D:2)
  5 dart slugs
  5 orcs
  9 ball pythons
  3 bats
  8 endoplasms
  3 giant cockroaches
  8 goblins
  6 hobgoblins
  A kobold (D:2)
  2 quokkas
  2 frilled lizards
  6 rats
63 creatures vanquished.

Vanquished Creatures (others)
  8 plants (D:4)
8 creatures vanquished.

Grand Total: 71 creatures vanquished

Notes
Turn   | Place    | Note
-------+----------+-------------------------------------------
     0 | D:1      | Ayyar the Gnoll Fighter began the quest for the Orb.
     0 | D:1      | Reached XP level 1. HP: 23/23 MP: 1/1
   281 | D:1      | Reached XP level 2. HP: 29/29 MP: 2/2
   915 | D:2      | Reached XP level 3. HP: 35/35 MP: 3/3
  1011 | D:2      | Reached skill level 1 in Invocations
  1179 | D:2      | Reached skill level 1 in Short Blades
  1179 | D:2      | Reached skill level 1 in Long Blades
  1179 | D:2      | Reached skill level 1 in Maces & Flails
  1179 | D:2      | Reached skill level 1 in Polearms
  1179 | D:2      | Reached skill level 1 in Staves
  1179 | D:2      | Reached skill level 1 in Ranged Weapons
  1179 | D:2      | Reached skill level 1 in Throwing
  1179 | D:2      | Reached skill level 1 in Dodging
  1179 | D:2      | Reached skill level 1 in Stealth
  1179 | D:2      | Reached skill level 1 in Unarmed Combat
  1179 | D:2      | Reached skill level 1 in Spellcasting
  1179 | D:2      | Reached skill level 1 in Evocations
  1196 | D:2      | Reached XP level 4. HP: 32/41 MP: 5/5
  1836 | D:3      | Reached skill level 1 in Conjurations
  1836 | D:3      | Reached skill level 1 in Hexes
  1836 | D:3      | Reached skill level 1 in Summonings
  1836 | D:3      | Reached skill level 1 in Necromancy
  1836 | D:3      | Reached skill level 1 in Translocations
  1836 | D:3      | Reached skill level 1 in Transmutations
  1836 | D:3      | Reached skill level 1 in Fire Magic
  1836 | D:3      | Reached skill level 1 in Ice Magic
  1836 | D:3      | Reached skill level 1 in Air Magic
  1836 | D:3      | Reached skill level 1 in Earth Magic
  1836 | D:3      | Reached skill level 1 in Poison Magic
  1843 | D:3      | Reached XP level 5. HP: 33/47 MP: 5/7
  1988 | D:3      | Found a white marble altar of Elyvilon.
  1988 | D:3      | Found a glowing silver altar of Zin.
  1989 | D:3      | Found a glowing golden altar of the Shining One.
  2139 | D:3      | Found Aplayxel's Book Shoppe.
  2366 | D:4      | Noticed Ijyb
  2372 | D:4      | HP: 2/47 [orc priest/+0 mace (1)]
  2374 | D:4      | Slain by an orc priest

Illustrated notes

Levels and vault maps discovered:
D:1:      wheals_arrival_linesprint, layout_basic, grunt_decor_mini_mirrors
D:2:      layout_rooms
D:3:      layout_loops_cross, good_gods_temple_1, serial_shops, shop
D:4:      layout_basic, kennysheep_mini, guppyfry_early_lair_pool, uniq_ijyb,
          uniq_robin

Skill      XL: |  1  2  3  4 |
---------------+-------------+-----
Invocations    | 1 |  1.7
Short Blades   | 1 |  1.5
Long Blades    | 1 |  1.5
Maces & Flails | 1 |  1.5
Polearms       | 1 |  1.5
Staves         | 1 |  1.5
Ranged Weapons | 1 |  1.5
Throwing       | 1 |  1.5
Dodging        | 1 |  1.5
Stealth        | 1 |  1.5
Unarmed Combat | 1 |  1.5
Spellcasting   | 1 |  1.5
Evocations     | 1 |  1.5
Conjurations   | 1 |  1.2
Hexes          | 1 |  1.2
Summonings     | 1 |  1.2
Necromancy     | 1 |  1.2
Translocations | 1 |  1.2
Transmutations | 1 |  1.2
Fire Magic     | 1 |  1.2
Ice Magic      | 1 |  1.2
Air Magic      | 1 |  1.2
Earth Magic    | 1 |  1.2
Poison Magic   | 1 |  1.2
Fighting       | |  6.7
Axes           | |  4.8
Armour         | |  6.7
Shields        | |  6.7

Action                     |  1- 3 |  4- 6 || total
---------------------------+-------+-------++-------
  Melee: War axe           |    85 |    64 ||   149
         Bite              |     6 |     6 ||    12
  Throw: Dart              |       |     2 ||     2
    Use: Potion            |       |     3 ||     3
 Armour: Scale mail        |    38 |    26 ||    64
  Dodge: Dodged            |    37 |    21 ||    58
  Block: Buckler           |    22 |    20 ||    42
